 Seeded DCSS version 0.30.1-4-g462c640d31 (webtiles) character file.

Game seed: 1591317900789521124 (custom seed)

2058 Psyclone the Thaumaturge (level 9, -3/51 HPs)
             Began as an Octopode Conjurer on Sept 18, 2023.
             Shot with a bolt by an orc warrior (13 damage)
             ... on level 6 of the Dungeon.
             The game lasted 00:15:38 (7306 turns).

Psyclone the Thaumaturge (Octopode Conjurer)        Turns: 7306, Time: 00:15:39

Health: -3/51      AC:  1    Str:  6    XL:     9   Next: 25%
Magic:  10/22      EV: 13    Int: 21    God:
Gold:   372        SH:  0    Dex: 16    Spells: 15/26 levels left

rFire   . . .        s - +6 sling "Wiestrif" {freeze, rN+ Int-4 SInv}
rCold   . . .        (no shield)
rNeg    + + .        (helmet restricted)
rPois   .            (no amulet)
rElec   .            t - +6 ring of dexterity
rCorr   .            u - ring of positive energy
SInv    +            (no ring)
Will    .....        (no ring)
Stlth   +++          (no ring)
HPRegen 0.28/turn    (no ring)
MPRegen 0.18/turn    (no ring)
                     (no ring)

%: no passive effects
@: no status effects
A: almost no armour, amphibious, 8 rings, camouflage 1, gelatinous body 1,
(nimble swimmer 1), tentacles
a: no special abilities


You were on level 6 of the Dungeon.
You visited 1 branch of the dungeon, and saw 6 of its levels.

You collected 372 gold pieces.

Inventory:

Hand Weapons
 a - a +1 dagger of electrocution
 s - the +6 sling "Wiestrif" (weapon) {freeze, rN+ Int-4 SInv}
   (You found it on level 5 of the Dungeon)

   Int:       It affects your intelligence (-4).
   rN:        It protects you from negative energy.
   SInv:      It lets you see invisible.
Missiles
 l - 4 curare-tipped darts
Magical Staves
 b - a staff of conjuration
Jewellery
 t - a +6 ring of dexterity (left tentacle)
 u - a ring of positive energy (right tentacle)
Wands
 e - a wand of charming (12)
 k - a wand of flame (10)
Scrolls
 c - a scroll of brand weapon {unknown}
 d - a scroll of immolation {unknown}
 h - a scroll of blinking
 i - 4 scrolls of fear {unknown}
 j - 8 scrolls of identify {unknown}
 m - 4 scrolls of poison {unknown}
 o - a scroll of acquirement {unknown}
 p - a scroll of enchant weapon {unknown}
 q - 3 scrolls of noise {unknown}
Potions
 f - 2 potions of lignification {unknown}
 g - a potion of magic
 n - 2 potions of cancellation {unknown}
 r - a potion of haste {unknown}


   Skills:
 - Level 2.0 Dodging
 - Level 2.6 Stealth
 * Level 9.2 Spellcasting
 + Level 8.0 Conjurations


You had 15 spell levels left.
You knew the following spells:

 Your Spells              Type           Power      Damage    Failure   Level
a - Magic Dart            Conj           100%       1d8       1%          1
b - Searing Ray           Conj           86%        2d7       1%          2
c - Momentum Strike       Conj/Tloc      52%        3d9       1%          2
d - Fulminant Prism       Conj/Hex       13%        3d9       14%         4
q - Blink                 Tloc           18%        N/A       11%         2

Your spell library contained the following spells:

 Spells                   Type           Power      Damage    Failure   Level
 Dazzling Flash           Conj/Hex       52%        N/A       4%          3
 Beastly Appendage        Tmut           18%        N/A       7%          1
 Slow                     Hex            36%        N/A       7%          1
 Mephitic Cloud           Conj/Pois/Air  20%        N/A       7%          3
 Call Imp                 Summ           18%        N/A       11%         2
 Lesser Beckoning         Tloc           18%        N/A       11%         2
 Wereblood                Tmut           9%         N/A       11%         2
 Iskenderun's Mystic Bla  Conj/Tloc      26%        2d7       14%         4
 Confusing Touch          Hex            9%         N/A       22%         3
 Spider Form              Tmut/Pois      9%         N/A       22%         3
 Vampiric Draining        Necr           9%         2d6       22%         3
 Manifold Assault         Tloc           9%         N/A       56%         4
 Storm Form               Tmut/Air       4%         N/A       100%        7


Dungeon Overview and Level Annotations

Branches:
Dungeon (6/15) Zot: 25936
 Temple: D:4-7

Altars:
Dithmenos
Kikubaaqudgha
Makhleb
Nemelex Xobeh
Qazlal
Vehumet
Wu Jian
Xom
Zin
The Shining One

Shops:
D:3 [


Innate Abilities, Weirdness & Mutations

You cannot wear most types of armour.
You are amphibious.
You can wear up to eight rings at the same time.
Your skin changes colour to match your surroundings (Stealth+).
Your rubbery body absorbs attacks. (AC +1, EV +1)
((You are camouflaged when in or above water. (Stealth+)))
You have tentacles for arms and can constrict up to eight enemies at once.


Message History

Confirm with . or Enter, or press ? or * to list all spells.
Aiming: Magic Dart (safe; 1% risk of failure)
Press: ? - help, Shift-Dir - straight line, f - orc wizard
Aim: an orc wizard, wielding a +0 dagger and wearing a +0 robe (severely wounded, 100% to hit)
The magic dart hits the orc wizard.
You kill the orc wizard!
Your Conjurations skill increases to level 8!
You now have 14/22 mp.
Casting: Magic Dart (safe; 1% risk of failure)
Confirm with . or Enter, or press ? or * to list all spells.
Aiming: Magic Dart (safe; 1% risk of failure)
Press: ? - help, Shift-Dir - straight line, f - orc warrior
Aim: an orc warrior, wielding a +0 arbalest and wearing a +0 plate armour (heavily wounded, 100% to hit)
The magic dart hits the orc warrior but does no damage.
The orc warrior is heavily wounded.
The orc warrior shoots a bolt.
The bolt hits you!
You take 11 damage, and have 18/51 hp.
MASSIVE DAMAGE!!
You now have 13/22 mp.
The orc warrior shoots a bolt.
The bolt hits you!
* * * LOW HITPOINT WARNING * * *
You take 7 damage, and have 11/51 hp.
Press: ? - help, v - describe, . - travel The floor.
Casting: Magic Dart (safe; 1% risk of failure)
Confirm with . or Enter, or press ? or * to list all spells.
Aiming: Searing Ray (safe; 1% risk of failure)
Press: ? - help, Shift-Dir - straight line, f/p - orc warrior
Aim: an orc warrior, wielding a +0 arbalest and wearing a +0 plate armour (heavily wounded, 82% to hit)
The searing ray hits the orc warrior but does no damage.
The orc warrior is heavily wounded. (Press . to maintain the ray.)
The orc warrior shoots a bolt.
The bolt hits you.
* * * LOW HITPOINT WARNING * * *
You take 1 damage, and have 10/51 hp.
You now have 12/22 mp.
The searing ray hits the orc warrior.
The orc warrior is severely wounded.
The orc warrior shoots a bolt.
The bolt completely misses you.
You now have 11/22 mp.
The searing ray misses the orc warrior.
The orc warrior shoots a bolt.
The bolt hits you!
You die...

#####...#......#
#.......#......# ##.
#.......#....(.# .Y.
#####.....###......#
...
............'>.)...#
...
#######.....#......#
...
######.....#.######
...
#..........#.####
...
#..).@.....#....#
...
#............#....#
...
#..?...)##.###)...#
... #.....o.##.#
#....# ... #.......#
.# #....###### #+#
......... .#
#..........
......###
#.......... ......
#.##.......
#.##.......


You could see an orc warrior.

Vanquished Creatures
  Sigmund (D:5)
  2 yaks
  A steam dragon (D:6)
  Menkaure (D:5)
  A water moccasin (D:5)
  2 ice beasts (D:5)
  2 sky beasts (D:6)
  An ogre (D:6)
  A phantom (D:5)
  Blork the orc (D:5)
  2 scorpions
  3 jellies
  2 hounds
  4 iguanas
  4 orc wizards (D:6)
  Robin (D:2)
  8 adders
  3 ufetubi
  A worm (D:4)
  4 dart slugs
  7 orcs
  3 bats (D:1)
  6 endoplasms
  6 giant cockroaches
  10 goblins
  16 hobgoblins
  2 jackals (D:5)
  3 quokkas
  2 ball pythons
  A frilled lizard (D:3)
  10 kobolds
  3 rats
114 creatures vanquished.

Vanquished Creatures (others)
  2 fulminant prisms (D:6)
2 creatures vanquished.

Grand Total: 116 creatures vanquished

Notes
Turn   | Place    | Note
-------+----------+-------------------------------------------
     0 | D:1      | Psyclone the Octopode Conjurer began the quest for the Orb.
     0 | D:1      | Reached XP level 1. HP: 11/11 MP: 3/3
    30 | D:1      | Found a faded altar of an unknown god.
   312 | D:1      | Reached XP level 2. HP: 17/17 MP: 0/5
  1206 | D:1      | Learned a level 2 spell: Searing Ray
  1228 | D:2      | Reached XP level 3. HP: 21/21 MP: 1/7
  1390 | D:2      | Reached skill level 3 in Spellcasting
  1700 | D:2      | Reached XP level 4. HP: 27/27 MP: 6/9
  1703 | D:2      | Noticed Robin
  1708 | D:2      | Killed Robin
  1823 | D:2      | Found an ancient bone altar of Kikubaaqudgha.
  2380 | D:3      | Noticed an animated gold dragon scales
  2384 | D:3      | Found Pogra's Armour Emporium.
  2387 | D:3      | Noticed an animated plate armour
  2709 | D:3      | Noticed a scorpion
  2715 | D:3      | Killed a scorpion
  2716 | D:3      | Reached skill level 4 in Spellcasting
  2716 | D:3      | Reached XP level 5. HP: 31/31 MP: 2/11
  3393 | D:4      | Found a shimmering altar of Xom.
  3397 | D:4      | Reached skill level 5 in Conjurations
  3907 | D:4      | Reached XP level 6. HP: 10/36 MP: 0/13
  4138 | D:4      | Found a radiant altar of Vehumet.
  4254 | D:4      | Found a shadowy altar of Dithmenos.
  4258 | D:4      | Found an ornate altar of the Wu Jian Council.
  4258 | D:4      | Found a sparkling altar of Nemelex Xobeh.
  4266 | D:4      | Found a burning altar of Makhleb.
  4269 | D:4      | Found a stormy altar of Qazlal.
  4516 | D:4      | Found a glowing silver altar of Zin.
  4530 | D:4      | Found a glowing golden altar of the Shining One.
  4765 | D:5      | Entered Level 5 of the Dungeon
  4766 | D:5      | Noticed Blork the orc
  4773 | D:5      | Killed Blork the orc
  4774 | D:5      | Reached skill level 5 in Spellcasting
  5083 | D:5      | Noticed a water moccasin
  5091 | D:5      | Killed a water moccasin
  5092 | D:5      | Reached XP level 7. HP: 26/41 MP: 4/15
  5253 | D:5      | Noticed Sigmund
  5257 | D:5      | Killed Sigmund
  5258 | D:5      | Reached skill level 6 in Spellcasting
  5355 | D:5      | HP: 2/41 [ice beast (14)]
  5634 | D:5      | Reached skill level 7 in Spellcasting
  5634 | D:5      | Reached XP level 8. HP: 46/46 MP: 9/18
  5750 | D:5      | Identified the +6 sling "Wiestrif" {freeze, rN+ Int-4 SInv}
  5842 | D:5      | Noticed Menkaure
  5847 | D:5      | Learned a level 2 spell: Blink
  5852 | D:5      | Learned a level 4 spell: Fulminant Prism
  5855 | D:5      | Learned a level 2 spell: Momentum Strike
  5859 | D:5      | Killed Menkaure
  6409 | D:6      | Reached skill level 8 in Spellcasting
  6508 | D:6      | Noticed a yak
  6509 | D:6      | Noticed a yak
  6517 | D:6      | Noticed a yak
  6518 | D:6      | Killed a yak
  6520 | D:6      | Noticed a yak
  6522 | D:6      | Noticed a yak
  6535 | D:5      | HP: 2/46 [yak (6)]
  6710 | D:5      | Killed a yak
  6711 | D:5      | Reached XP level 9. HP: 22/51 MP: 11/21
  7094 | D:6      | Reached skill level 9 in Spellcasting
  7306 | D:6      | Shot with a bolt by an orc warrior

Illustrated notes

Levels and vault maps discovered:
D:1:      lightli_arrival_noodles, layout_basic, nicolae_ecumenical_lake_church
D:2:      layout_loops_ring, basic_altar, uniq_robin
D:3:      layout_loops_corners, serial_shops, nicolae_shop_mannequins,
          nicolae_elevator_lobby_asterisk
D:4:      layout_basic, mainiacjoe_overflow_concentric_impassable,
          minmay_overflow_temple_star_hex, mainiacjoe_overflow_big_doors,
          mainiacjoe_overflow_surrounded_room
D:5:      layout_gridville, uniq_sigmund, uniq_menkaure, uniq_blork_the_orc
D:6:      layout_basic, uniq_eustachio

Skill      XL: |  1  2  3  4  5  6  7  8  9 |
---------------+----------------------------+-----
Spellcasting   | 3 4 5 7 8 9 |  9.2
Conjurations   | 5 6 7 8 |  8.0
Dodging        | |  2.0
Stealth        | |  2.6

Action                     |  1- 3 |  4- 6 |  7- 9 || total
---------------------------+-------+-------+-------++-------
  Melee: Unarmed           |    11 |       |       ||    11
         Constrict         |     4 |     2 |     1 ||     7
         Tentacles         |     2 |     1 |     2 ||     5
         Short sword       |     7 |     7 |       ||    14
         Staff             |       |       |     2 ||     2
   Cast: Magic Dart        |    62 |   101 |    56 ||   219
         Searing Ray       |       |     7 |    24 ||    31
         Momentum Strike   |       |       |     5 ||     5
         Fulminant Prism   |       |       |     2 ||     2
         Blink             |       |       |     1 ||     1
    Use: Scroll            |       |       |     2 ||     2
         Potion            |       |       |     1 ||     1
 Armour: Skin              |       |       |     1 ||     1
  Dodge: Dodged            |    13 |    17 |    17 ||    47
